 Dungeon Crawl Stone Soup version 0.30-a0-639-g3916f1956a (webtiles) character file.

Game seed: 4555225547759795428

797 timneilson the Slasher (level 7, 0/53 HPs)
             Began as a Demonspawn Gladiator on Jan 15, 2023.
             Slain by an orc
             ... wielding a +0 mace
              (7 damage)
             ... on level 4 of the Dungeon.
             The game lasted 00:06:24 (3826 turns).

timneilson the Slasher (Demonspawn Gladiator)       Turns: 3826, Time: 00:06:24

Health: 0/53       AC: 10    Str: 16    XL:     7   Next: 58%
Magic:  7/7        EV:  8    Int: 10    God:
Gold:   230        SH:  0    Dex: 14    Spells: 6/6 levels left

rFire   . . .      SeeInvis +    n - +1 scimitar
rCold   . . .      Faith    .    (no shield)
rNeg    . . .      Spirit   .    h - +0 chain mail
rPois   .          Reflect  .    c - +0 helmet
rElec   .          Harm     .    l - scarf {+Inv}
rCorr   .          Rampage  .    (no gloves)
Will    .....                    (no boots) Stlth
                                 (no amulet)
HPRegen 0.28/turn                m - ring of see invisible
MPRegen 0.10/turn                (no ring)

@: no status effects
A: foul stench 1
a: Evoke Invisibility


You were on level 4 of the Dungeon.
You visited 1 branch of the dungeon, and saw 6 of its levels.

You collected 230 gold pieces.

Inventory:

Hand Weapons
 a - a +0 long sword
 n - a +1 scimitar (weapon)
Missiles
 d - 3 throwing nets (quivered)
 e - a javelin
Armour
 c - a +0 helmet (worn)
 h - a +0 chain mail (worn)
 i - a +0 plate armour
 l - a scarf of invisibility (worn)
Jewellery
 m - a ring of see invisible (left hand)
Scrolls
 b - 5 scrolls of teleportation
 q - 3 scrolls of amnesia {unknown}
 t - a scroll of enchant armour {unknown}
 u - a scroll of identify
 v - a scroll of blinking {unknown}
 y - a scroll of enchant weapon
Potions
 f - 3 potions of might
 g - 5 potions of haste
 j - a potion of brilliance
 k - a potion of lignification
 o - a potion of resistance {unknown}
 p - a potion of berserk rage {unknown}
 r - 2 potions of flight {unknown}
 s - a potion of degeneration {unknown}
 w - 2 potions of mutation {unknown}
 x - a potion of attraction {unknown}
 z - a potion of heal wounds


   Skills:
 + Level 3.8 Fighting
 * Level 5.2 Long Blades
 - Level 1.7 Throwing
 * Level 4.3 Armour
 + Level 4.1 Dodging


You had 6 spell levels left.
You didn't know any spells.
Your spell library was empty.

Dungeon Overview and Level Annotations

Branches:
Dungeon (6/15)
 Temple: D:4-7

Altars:
Hepliaklqana
Ru
Wu Jian

Shops:
D:2 :


Innate Abilities, Weirdness & Mutations

You may rarely emit foul miasma when damaged in melee.


Message History

You hit the orc priest but do no damage.
The orc priest is heavily wounded.
The orc wizard points at you and mumbles some strange words.
You are confused.
The orc priest hits you with a +0 flail.
The orc hits you with a +0 mace. The orc attacks as you move away!
The orc barely misses you.
The orc priest invokes the aid of Beogh against you.
Beogh smites you!
The orc wizard hits you with a +0 dagger.
Things that are here:
a +0 hand axe; an orc corpse You're too confused to move!
The orc wizard points at you and mumbles some strange words.
You resist with some effort. The orc attacks as you move away!
The orc barely misses you.
The orc wizard hits you but does no damage.
The orc priest misses you.
You hit the orc priest but do no damage.
The orc priest is heavily wounded.
The orc wizard hits you but does no damage.
The orc priest hits you with a +0 flail.
* * * LOW HITPOINT WARNING * * *
The orc hits you but does no damage.
You hit the orc priest but do no damage.
The orc priest is moderately wounded.
You feel less confused. The orc wizard casts a spell at you.
The magic dart hits you but does no damage.
The orc priest hits you with a +0 flail.
* * * LOW HITPOINT WARNING * * *
The orc barely misses you.
You slash the orc priest!
The orc priest is almost dead.
The orc wizard hits you with a +0 dagger.
* * * LOW HITPOINT WARNING * * *
The orc priest hits you with a +0 flail.
* * * LOW HITPOINT WARNING * * *
The orc hits you with a +0 mace!
You die...

...........................#.....
####.#########...##..##.#..#.##..
####.####.####'##################
..................#
..................#
..................#
..................#
##...##...###..)o## ##...##...#
#..o@# ...............o....#
....................#
....................#
.......^............#
........>...........#
...####...(###...#..# ##'########
#...#### ...........


You could see an orc priest, an orc wizard (invisible) and an orc.

Vanquished Creatures
  Menkaure (D:4)
  An orc warrior (D:4)
  A black bear (D:4)
  A phantom (D:4)
  A necrophage (D:5)
  A scorpion (D:4)
  An orc priest (D:4)
  2 iguanas
  2 orc wizards
  4 gnolls
  3 adders
  15 orcs
  4 ball pythons
  2 bats (D:1)
  4 endoplasms
  3 giant cockroaches
  5 goblins
  6 hobgoblins
  15 jackals
  8 kobolds
  5 quokkas
  4 frilled lizards
  6 rats
95 creatures vanquished.

Notes
Turn   | Place    | Note
-------+----------+-------------------------------------------
     0 | D:1      | timneilson the Demonspawn Gladiator began the quest for the
                  | Orb.
     0 | D:1      | Reached XP level 1. HP: 16/16 MP: 1/1
   153 | D:1      | Gained mutation: You may rarely emit foul miasma when
                  | damaged in melee. [demonic ancestry]
   153 | D:1      | Reached XP level 2. HP: 18/22 MP: 2/2
   168 | D:1      | Reached skill level 3 in Long Blades
   168 | D:1      | Reached skill level 1 in Armour
   442 | D:1      | Reached XP level 3. HP: 28/28 MP: 3/3
  1054 | D:2      | Found Totoz's Book Shop.
  1603 | D:3      | Reached XP level 4. HP: 31/34 MP: 4/4
  1944 | D:3      | Found a sacrificial altar of Ru.
  1944 | D:3      | Found an ornate altar of the Wu Jian Council.
  2210 | D:3      | Reached XP level 5. HP: 14/40 MP: 5/5
  2691 | D:4      | Noticed an orc warrior
  2708 | D:4      | Killed an orc warrior
  2709 | D:4      | Reached skill level 4 in Long Blades
  2709 | D:4      | Reached XP level 6. HP: 16/47 MP: 6/6
  2934 | D:4      | You fall into a shaft and drop 2 floors!
  2957 | D:5      | Entered Level 5 of the Dungeon
  2979 | D:5      | Found a hazy altar of Hepliaklqana.
  3361 | D:4      | Noticed Menkaure
  3372 | D:4      | Killed Menkaure
  3373 | D:4      | Reached XP level 7. HP: 6/52 MP: 7/7
  3569 | D:4      | Reached skill level 5 in Long Blades
  3826 | D:4      | Slain by an orc

Illustrated notes

Levels and vault maps discovered:
D:1:      eino_arrival_tree_alley, layout_basic,
          amcnicky_mini_rare_corridor_liquid, serial_bayou_crossing
D:2:      layout_loops_ring, serial_shops, nicolae_shop_crystal,
          minmay_hexomino_f4
D:3:      layout_basic, gammafunk_temple_overflow_wave,
          chequers_serial_rivers_micro_e
D:4:      layout_gridville, guppyfry_early_orc_mine, uniq_menkaure
D:5:      dreamdust_elfheim, layout_gridville, nzn_hepliaklqana_mist_gate,
          minmay_temple_entry_large_hall, minmay_misc_feat_nine_boxes
D:6:      layout_basic, lemuel_coloured_pillars_altar,
          chequers_temple_overflow_minitemple, minmay_ogre_servants

Skill      XL: |  1  2  3  4  5  6  7 |
---------------+----------------------+-----
Long Blades    | 3 4 5 |  5.2
Armour         | 1 2 3 4 |  4.3
Dodging        | 3 4 |  4.1
Fighting       | 3 |  3.8
Throwing       | |  1.7

Action                   |  1- 3 |  4- 6 |  7- 9 || total
-------------------------+-------+-------+-------++-------
Melee: Long sword        |    77 |       |       ||    77
       Punch             |     1 |     3 |     2 ||     6
       Scimitar          |    68 |   137 |    53 ||   258
  Use: Scroll            |     6 |     2 |       ||     8
       Potion            |       |     6 |       ||     6
Armor: Chain mail        |   103 |   112 |    43 ||   258
       Leather armour    |     6 |       |       ||     6
       Skin              |       |     6 |       ||     6
Dodge: Dodged            |    66 |    68 |    39 ||   173

Table legend: (Time is in decaauts)
 A = Elapsed time spent in this place.
 B = Non-inter-level travel time spent in this place.
 C = Inter-level travel time spent in this place.
 D = Time resting spent in this place.
 E = Time spent auto-exploring this place.
 F = Levels seen in this place.
 G = Mean time per level.
                   A        B        C        D        E       F      G
               +--------+--------+--------+--------+--------+-----+--------+
         Total |   3898 |   3837 |     61 |    377 |   2520 |   6 |  649.7 |
       Dungeon |   3898 |   3837 |     61 |    377 |   2520 |   6 |  649.7 |
               +--------+--------+--------+--------+--------+-----+--------+

Top non-repeatable levels by time:
     D:3: 1112 daAuts
     D:4: 886 daAuts
     D:1: 814 daAuts
     D:2: 749 daAuts
     D:5: 313 daAuts
     D:6: 22 daAuts
